 Dungeon Crawl Stone Soup version 0.22-a0-785-g6253c82ace (webtiles) character file.

365852 Faustar the Slayer (level 22, -4/232 HPs)
             Began as a Hill Orc Monk on July 20, 2018.
             Was a High Priest of Beogh.
             Slain by a storm dragon (5 damage)
             ... on level 5 of the Vaults.
             The game lasted 03:20:48 (65193 turns).

Faustar the Slayer (Hill Orc Monk)                 Turns: 65193, Time: 03:20:49

Health: -4/232     AC: 35    Str: 35      XL:     22   Next: 55%
Magic:  30/37      EV:  9    Int: 10      God:    Beogh [*****.]
Gold:   960        SH: 17    Dex: 15 (16) Spells: 21/21 levels left

rFire    + + +     SeeInvis +   b - +10 hand axe "Exuy" {flame, Str+7 Dex+2}
rCold    + + +     Gourm    .   D - +1 shield "Xocuseog" {rElec rF++ rC+++ Stlth-}
rNeg     + + .     Faith    +   l - +5 gold dragon scales
rPois    +         Spirit   .   d - +1 helmet of the Heavens {rElec Dex-3 Slay+6}
rElec    +         Reflect  .   a - scarf {cloud immunity}
rCorr    +         Harm     .   B - +1 pair of gloves {archery}
MR       +....                  r - +3 pair of boots of the Pit {Str+4 SInv}
Stlth    ..........             X - amulet of faith
HPRegen  0.48/turn              g - ring "Quj Wuittol" {Wiz rN++ Dex+4}
MPRegen  0.25/turn              Z - ring of resist corrosion

@: recalling
A: walk on water, deterioration 1, screaming 1
}: 2/15 runes: barnacled, gossamer
a: Smiting, Stop Recall, Give Item to Named Follower, Renounce Religion


You were on level 5 of the Vaults.
You worshipped Beogh.
Beogh was extremely pleased with you.
You were hungry.

You visited 8 branches of the dungeon, and saw 42 of its levels.
You also visited: Volcano.

You collected 4744 gold pieces.
You spent 3784 gold pieces at shops.

Inventory:

Hand Weapons
 b - the +10 hand axe "Exuy" (weapon) {flame, Str+7 Dex+2}
   (You bought it in a shop on level 12 of the Dungeon)

   It has been specially enchanted to burn those struck by it, causing extra
   injury to most foes and up to half again as much damage against particularly
   susceptible opponents.
   Big, fiery blades are also staple armaments of hydra-hunters.
   It affects your strength (+7).
   It affects your dexterity (+2).
Missiles
 E - 9 throwing nets (quivered)
Armour
 a - a scarf of cloud immunity (worn)
 d - the +1 helmet of the Heavens (worn) {rElec Dex-3 Slay+6}
   (You acquired it on level 4 of the Vaults)

   It affects your dexterity (-3).
   It affects your accuracy and damage with ranged weapons and melee attacks
   (+6).
   It insulates you from electricity.
 l - +5 gold dragon scales (worn)
 r - the +3 pair of boots of the Pit (worn) {Str+4 SInv}
   (You bought it in a shop on level 4 of the Vaults)

   It affects your strength (+4).
   It lets you see invisible.
 B - a +1 pair of gloves of archery (worn)
 D - the +1 shield "Xocuseog" (worn) {rElec rF++ rC+++ Stlth-}
   (You bought it in a shop on level 4 of the Vaults)

   It greatly protects you from fire.
   It renders you almost immune to cold.
   It insulates you from electricity.
   It makes you less stealthy.
 P - a +2 helmet of see invisible
Jewellery
 g - the ring "Quj Wuittol" (left hand) {Wiz rN++ Dex+4}
   (You found it on level 3 of the Vaults)

   [ring of wizardry]

   It improves your spell success rate.
   It affects your dexterity (+4).
   It greatly protects you from negative energy.
 v - an uncursed ring of flight
 y - an uncursed ring of fire
 X - an amulet of faith (around neck)
 Z - a ring of resist corrosion (right hand)
Wands
 t - a wand of polymorph (19)
 w - a wand of disintegration (41)
 C - a wand of scattershot (5)
 G - a wand of flame (21)
 J - a wand of acid (8)
 L - a wand of digging (31)
 O - a wand of enslavement (55)
 R - a wand of paralysis (36)
 S - a wand of iceblast (34)
Scrolls
 h - 19 scrolls of remove curse
 i - 6 scrolls of identify
 j - 10 scrolls of amnesia
 k - 20 scrolls of teleportation
 n - 2 scrolls of fear
 q - 5 scrolls of magic mapping
 u - 8 scrolls of enchant weapon
 z - 7 scrolls of blinking
 F - a scroll of summoning
 V - a scroll of silence
 Y - 9 scrolls of fog
Potions
 e - 8 potions of heal wounds
 f - a potion of berserk rage
 m - 7 potions of might
 o - 7 potions of agility
 p - 6 potions of magic
 s - 8 potions of haste
 x - 4 potions of ambrosia
 I - 7 potions of curing
 K - 4 potions of cancellation
 M - 2 potions of flight
 T - a potion of invisibility
Miscellaneous
 Q - 3 phantom mirrors
Comestibles
 c - 70 rations


   Skills:
 * Level 26.9 Fighting
 - Level 15.5 Axes
 + Level 15.9 Armour
 - Level 2.4 Dodging
 - Level 1.5 Stealth
 - Level 16.0 Shields
 + Level 22.8 Invocations


You had 21 spell levels left.
You didn't know any spells.
Your spell library contained the following spells:

 Spells                   Type           Power        Failure   Level  Hunger
 Magic Dart               Conj           #...         80%         1    ##.....
 Fireball                 Conj/Fire      #.........   100%        5    ######.
 Apportation              Tloc           #.....       80%         1    ##.....
 Conjure Flame            Conj/Fire      #.......     98%         3    ####...
 Bolt of Fire             Conj/Fire      #.........   100%        6    #######
 Lightning Bolt           Conj/Air       #.........   100%        5    ######.
 Slow                     Hex            #.......     90%         2    ###....
 Confuse                  Hex            #.......     98%         3    ####...
 Invisibility             Hex            #.......     100%        6    #######
 Throw Flame              Conj/Fire      #.....       90%         2    ###....
 Throw Frost              Conj/Ice       #.....       90%         2    ###....
 Mephitic Cloud           Conj/Pois/Air  #.......     98%         3    ####...
 Ring of Flames           Chrm/Fire      #.........   100%        7    #######
 Olgreb's Toxic Radiance  Pois           #.......     100%        4    #####..
 Summon Small Mammal      Summ           #...         80%         1    ##.....
 Bolt of Draining         Conj/Necr      #.........   100%        5    ######.
 Lehudib's Crystal Spear  Conj/Erth      #.........   100%        8    #######
 Fire Storm               Conj/Fire      #.........   100%        9    #######
 Blink                    Tloc           N/A          90%         2    ###....
 Animate Dead             Necr           N/A          100%        4    #####..
 Pain                     Necr           #...         80%         1    ##.....
 Animate Skeleton         Necr           N/A          80%         1    ##.....
 Vampiric Draining        Necr           #.........   98%         3    ####...
 Freeze                   Ice            #...         80%         1    ##.....
 Sticky Flame             Conj/Fire      #.......     100%        4    #####..
 Summon Ice Beast         Ice/Summ       #.......     100%        4    #####..
 Ozocubu's Armour         Chrm/Ice       #.......     98%         3    ####...
 Call Imp                 Summ           #.......     90%         2    ###....
 Dispel Undead            Necr           #.......     100%        5    ######.
 Poison Arrow             Conj/Pois      #.........   100%        6    #######
 Regeneration             Chrm/Necr      #.........   98%         3    ####...
 Sting                    Conj/Pois      #...         80%         1    ##.....
 Sublimation of Blood     Necr           #.........   90%         2    ###....
 Summon Demon             Summ           #.........   100%        5    ######.
 Corpse Rot               Necr           N/A          90%         2    ###....
 Stone Arrow              Conj/Erth      #.....       98%         3    ####...
 Shock                    Conj/Air       #...         80%         1    ##.....
 Swiftness                Chrm/Air       #.......     90%         2    ###....
 Recall                   Summ/Tloc      N/A          98%         3    ####...
 Agony                    Necr           #.......     100%        5    ######.
 Spider Form              Tmut/Pois      #.........   98%         3    ####...
 Blade Hands              Tmut           #.........   100%        5    ######.
 Ice Form                 Ice/Tmut       #.......     100%        4    #####..
 Throw Icicle             Conj/Ice       #.......     100%        4    #####..
 Glaciate                 Conj/Ice       #.........   100%        9    #######
 Airstrike                Air            #.........   100%        4    #####..
 Shadow Creatures         Summ           N/A          100%        6    #######
 Confusing Touch          Hex            #.....       80%         1    ##.....
 Flame Tongue             Conj/Fire      #....        80%         1    ##.....
 Passwall                 Tmut/Erth      #.......     90%         2    ###....
 Ignite Poison            Fire/Tmut/Pois #.......     98%         3    ####...
 Sticks to Snakes         Tmut           #.......     90%         2    ###....
 Metabolic Englaciation   Hex/Ice        #.........   100%        5    ######.
 Static Discharge         Conj/Air       #.......     98%         3    ####...
 Alistair's Intoxication  Tmut/Pois      #.......     100%        5    ######.
 Lee's Rapid Deconstruct  Erth           #.........   100%        5    ######.
 Chain Lightning          Conj/Air       #.........   100%        8    #######
 Excruciating Wounds      Chrm/Necr      #.........   100%        5    ######.
 Petrify                  Tmut/Erth      #.......     100%        4    #####..
 Passage of Golubria      Tloc           N/A          100%        4    #####..
 Leda's Liquefaction      Hex/Erth       #.........   100%        4    #####..
 Darkness                 Hex            #.........   100%        6    #######
 Shroud of Golubria       Chrm/Tloc      #.........   90%         2    ###....
 Inner Flame              Hex/Fire       #.......     98%         3    ####...
 Aura of Abjuration       Summ           #.........   100%        5    ######.
 Beastly Appendage        Tmut           #.....       80%         1    ##.....
 Infusion                 Chrm           #...         80%         1    ##.....
 Song of Slaying          Chrm           #.......     90%         2    ###....
 Spectral Weapon          Hex/Chrm       #.......     98%         3    ####...
 Summon Forest            Summ/Tloc      #.........   100%        5    ######.
 Summon Mana Viper        Hex/Summ       #.......     100%        5    ######.
 Gell's Gravitas          Tloc           #.........   98%         3    ####...
 Yara's Violent Unravell  Hex/Tmut       #.........   100%        5    ######.
 Ignition                 Fire           #.........   100%        8    #######


Dungeon Overview and Level Annotations

Branches:
Dungeon (15/15)            Temple (1/1) D:7            Lair (6/6) D:10
 Shoals (4/4) Lair:4       Spider (4/4) Lair:4          Orc (2/2) D:12
    Elf (0/3) Orc:2        Vaults (5/5) D:14          Crypt (0/3) Vaults:2
 Depths (5/5) D:15            Zot (0/5) Depths:5
  Slime: Lair:5-6

Altars:
Ashenzari
Cheibriados
Dithmenos
Elyvilon
Fedhas
Gozag
Hepliaklqana
Kikubaaqudgha
Makhleb
Nemelex Xobeh
Okawaru
Qazlal
Ru
Sif Muna
Trog
Uskayaw
Vehumet
Wu Jian
Xom
Yredelemnul
Zin
The Shining One
Beogh

Shops:
D:11 (   D:12 =(   D:15 :   Orc:2 (=!([   Shoals:2 *   Shoals:3 }   Vaults:1 *
Vaults:3 =   Vaults:4 ?[?[   Depths:1 (([   Depths:3 :([!

Portals:
Hell: Depths:1 Depths:2 Depths:3 Depths:4 Depths:5
Abyss: Depths:2 Depths:4
Pandemonium: Depths:2 Depths:3 Depths:4
Ziggurat: Depths:4
Trove: Vaults:2 (give +4 shadow dragon scales)

Annotations:
D:3 1 runed door
D:4 2 transporters, zluc's ghost, amateur OgFE
Lair:1 exclusion: oklob plant
Lair:6 1 runed door
Vaults:4 1 runed door, Sydeak's ghost, veteran CeHu
Depths:5 3 runed doors


Innate Abilities, Weirdness & Mutations

You can walk on water.
Your body sometimes deteriorates upon taking damage.
You occasionally shout uncontrollably at your foes.


Message History

Wargath hits the titan with a glaive!!!
You block the deep troll's attack.
The deep troll claws you but does no damage.
The deep troll barely misses you.
The deep elf archer shoots an arrow.
The arrow hits Nordag!
The golden dragon bites you but does no damage.
The golden dragon claws you but does no damage.
The golden dragon tramples you but does no damage.
The deep troll bites you but does no damage.
The deep troll claws you.
* * * LOW HITPOINT WARNING * * *
The deep troll claws you.
* * * LOW HITPOINT WARNING * * *
The stone giant hits Alork but does no damage.
The stone giant's attack snaps Alork out of its fear.
The ironheart preserver hits you but does no damage.
Syrus barely misses the ironheart preserver.
You block the storm dragon's attack.
The storm dragon claws you but does no damage.
The storm dragon tramples you.
You die...

....##..e.#C.###
ยง....#....#....
#...((...[...
#####........##############
.....(..<<)........p.......
......[<[(<..(...(....s....
.....(..<<(o.e.....c....p).
........ooD.om.........h...
#####...CD@oo##############
..h..(.pTT.C.p..
.....#.ooo#......
.....#...o#......
.....#....#..#### ....
#..T.#..# #..(.# # #..(.#
#....#


You could see 2 ironheart preservers, a titan, a golden dragon, a storm dragon,
a stone giant, an orc knight, 2 deep trolls, a deep elf archer, a water nymph
shaped shifter, a troll, a black bear, the friendly Alork the orc warlord, the
friendly Beowulf the orc warlord, the friendly Nordag the orc warlord (fleeing),
the friendly Olfik the orc warlord, the friendly Spirok the orc warlord
(fleeing), the friendly Syrus the orc warlord, the friendly Warbeogh the orc
warlord, the friendly Wargath the orc warlord (fleeing) and the friendly Urtork
the orc knight (fleeing).

Vanquished Creatures
  Boris (Depths:3)
  A caustic shrike (Depths:2)
  A golden dragon (Depths:5)
  2 liches
  Gastronok (Lair:3)
  3 sphinxes
  A kraken (Shoals:3)
  A storm dragon (Depths:4)
  A shadow dragon (Vaults:4)
  A tengu reaver (Depths:4)
  An iron dragon (Depths:4)
  3 ghost moths
  9 vault wardens
  3 fire giants
  An emperor scorpion (Spider:3)
  2 frost giants
  2 ironheart preservers
  8 very ugly things
  A vampire knight (Depths:5)
  9 stone giants
  A black draconian (Depths:5)
  An entropy weaver (Spider:1)
  A green draconian (Depths:5)
  A deep elf demonologist (Vaults:1)
  A red draconian (Depths:5)
  2 spark wasps
  An ettin (shapeshifter) (Depths:3)
  2 deep elf death magi
  A merfolk javelineer (Shoals:4)
  2 ettins (Vaults:4)
  9 great orbs of eyes
  5 yaktaur captains
  5 fire dragons
  3 ogre magi
  3 deep elf high priests
  A merfolk impaler (Shoals:4)
  7 vault guards
  A hydra (Lair:3)
  A spriggan air mage (Depths:2)
  6 ice dragons
  2 centaur warriors
  6 merfolk avatars
  2 merfolk aquamancers
  A tengu warrior (Depths:3)
  3 dancing weapons
  2 deep troll earth magi
  9 two-headed ogres
  2 deep troll shamans
  A queen ant (Spider:1)
  An orc high priest (Orc:2)
  A deep elf knight (Vaults:3)
  2 spriggan berserkers
  A shadow wraith (Vaults:3)
  A skeletal warrior (Vaults:2)
  A death drake (shapeshifter) (D:15)
  5 sea snakes
  6 deep trolls
  An unseen horror (D:12)
  3 glowing orange brains
  7 ironbrand convokers
  A lindwurm (Lair:6)
  A wizard (D:12)
  2 harpies (Shoals:3)
  A phantasmal warrior (Vaults:5)
  A tengu zombie (Depths:3)
  A necromancer (Depths:3)
  4 orc knights (Orc:2)
  A shining eye (shapeshifter) (Depths:5)
  9 ugly things
  8 manticores
  11 orb spiders
  A cyclops (shapeshifter) (Depths:2)
  An orc sorcerer (Orc:1)
  15 wolf spiders
  7 deep elf magi
  A tengu skeleton (Depths:3)
  2 fauns (Shoals:2)
  A cyclops (Vaults:2)
  2 salamanders
  3 elephants
  4 vault sentinels
  3 moths of wrath
  5 merfolk sirens
  Joseph (D:7)
  2 water nymphs (Shoals:4)
  6 spiny frogs
  A spectral swamp worm (Depths:3)
  A rime drake (shapeshifter) (Vaults:3)
  A rime drake (Lair:6)
  A tengu conjurer (Depths:3)
  An ice devil (Depths:2)
  An efreet (D:14)
  6 demonic crawlers
  A yaktaur (shapeshifter) (Depths:3)
  17 yaktaurs
  A komodo dragon (Lair:6)
  13 jumping spiders
  A troll (D:13)
  14 merfolk
  7 hornets
  Prince Ribbit (D:8)
  A meliai (shapeshifter) (Vaults:1)
  16 slime creatures
  3 wind drakes
  6 snapping turtles
  3 dream sheep
  5 hippogriffs
  A meliai zombie (D:11)
  40 redbacks
  A centaur simulacrum (D:11)
  A shadow (D:15)
  2 wyverns
  14 yaks
  A fire bat (Lair:6)
  7 tarantellas
  9 water elementals
  A golden eye (shapeshifter) (Depths:2)
  A steam dragon (Lair:6)
  A yaktaur simulacrum (Vaults:1)
  3 vampire mosquitoes
  7 humans (D:14)
  A basilisk (Lair:1)
  6 wargs
  2 soldier ants (Spider:1)
  An acid dragon (D:15)
  2 water moccasins (Lair:5)
  A floating eye (Depths:3)
  2 porcupines
  4 sky beasts
  2 necrophages
  11 orc warriors
  3 ice beasts
  4 phantoms
  4 wolves
  10 ogres
  6 boggarts
  11 centaurs
  5 crocodiles
  A big kobold (D:12)
  8 bullfrogs
  A human skeleton (Vaults:1)
  A water moccasin skeleton (D:4)
  Dowan (D:7)
  7 scorpions
  A snapping turtle simulacrum (Shoals:3)
  3 killer bees
  7 wights
  An electric eel (Spider:3)
  3 howler monkeys
  4 crimson imps
  2 centaur zombies
  5 hounds
  An orc priest (D:9)
  5 centaur skeletons
  2 jellies
  5 orc wizards
  A bullfrog skeleton (D:11)
  3 iguanas
  An iron imp (Depths:4)
  Jessica (D:2)
  Ijyb (D:4)
  Natasha (twice) (D:2)
  14 worker ants
  A killer bee zombie (D:5)
  A hound skeleton (D:9)
  7 gnolls
  11 adders
  2 shadow imps
  A white imp (D:11)
  An adder skeleton (D:9)
  2 worms (D:2)
  2 dart slugs (D:1)
  5 leopard geckos
  29 orcs
  A ball python (D:1)
  3 bats (D:2)
  5 giant cockroaches
  8 hobgoblins
  3 jackals
  A quokka (D:9)
  4 frilled lizards
  4 goblins
  A jackal skeleton (D:4)
  9 kobolds
  A quokka skeleton (D:6)
  5 rats
  A fungus (Lair:4)
  3 plants
714 creatures vanquished.

Vanquished Creatures (collateral kills)
  2 juggernauts
  Frederick (Vaults:2)
  Xtahua (Vaults:4)
  3 caustic shrikes (Depths:2)
  A golden dragon (Vaults:4)
  A lich (Vaults:3)
  Jorgrun (Shoals:4)
  5 titans
  An acid blob (shapeshifter) (Depths:3)
  3 sphinxes
  3 shadow dragons
  3 storm dragons
  Donald (Vaults:4)
  3 tengu reavers
  8 fire giants
  9 frost giants
  2 orc warlords (Orc:1)
  9 vault wardens
  Aizul (Vaults:2)
  3 deep elf sorcerers
  7 emperor scorpions
  A draconian scorcher (Depths:5)
  2 spriggan defenders
  The ghost of Fandomethor the Bludgeoner, an adept GrFi of Okawaru (Shoals:3)
  A balrug (Depths:5)
  13 ironheart preservers
  A draconian annihilator (Depths:5)
  14 stone giants
  A vampire knight (Depths:2)
  A reaper (Vaults:2)
  5 entropy weavers
  15 very ugly things
  Nessos (Lair:6)
  A green draconian (Depths:5)
  A deep elf demonologist (Vaults:4)
  A yellow draconian (Depths:5)
  9 spark wasps
  A purple draconian (Depths:5)
  5 merfolk impalers
  11 ettins
  16 fire dragons
  4 merfolk javelineers (Shoals:4)
  A blizzard demon (Depths:3)
  11 yaktaur captains
  3 rakshasas
  5 great orbs of eyes
  2 hydras
  30 vault guards
  2 death knights
  3 centaur warriors
  An alligator snapping turtle (Shoals:4)
  4 ice dragons (Depths:4)
  23 two-headed ogres
  2 merfolk aquamancers (Shoals:4)
  2 dancing weapons (Depths:4)
  2 satyrs (Shoals:4)
  6 deep troll earth magi
  2 tengu warriors (D:13)
  6 deep troll shamans
  An orc high priest (Orc:2)
  4 ogre magi
  2 soul eaters (Vaults:2)
  4 deep elf knights (Vaults:3)
  A hell knight (Depths:5)
  An iron troll (shapeshifter) (Depths:3)
  2 salamander mystics (Depths:5)
  A sun demon (Depths:3)
  11 skeletal warriors
  5 sea snakes
  2 iron trolls (Depths:3)
  A flayed ghost (Vaults:4)
  A shadow demon (Depths:2)
  23 deep trolls
  A gelid demonspawn (Depths:2)
  6 deep elf archers
  8 ironbrand convokers
  An unseen horror (D:10)
  7 wizards
  2 phantasmal warriors
  A harpy (Shoals:3)
  16 wolf spiders
  3 necromancers
  16 orb spiders
  An orc sorcerer (Vaults:4)
  6 orc knights
  27 ugly things
  5 salamanders (Depths:5)
  A sphinx zombie (Vaults:1)
  A stone giant zombie (Depths:3)
  17 deep elf magi
  8 cyclopes
  A shining eye (shapeshifter) (Vaults:4)
  A faun (Shoals:2)
  5 elephants
  A centaur zombie (D:15)
  A spectral alligator snapping turtle (Shoals:3)
  A guardian serpent (shapeshifter) (Vaults:4)
  7 vault sentinels
  4 merfolk sirens
  11 manticores
  A black mamba (Lair:6)
  An orange demon (Depths:3)
  A water nymph (shapeshifter) (Vaults:4)
  A spiny frog (shapeshifter) (Vaults:4)
  3 centaur skeletons
  7 spiny frogs
  A torpor snail (shapeshifter) (Vaults:4)
  A spectral sea snake (Shoals:3)
  A torpor snail (Lair:6)
  4 spectral swamp worms (Depths:3)
  37 yaktaurs
  2 rime drakes
  7 freezing wraiths
  A spectral merfolk (Shoals:3)
  8 komodo dragons
  6 demonic crawlers
  A spectral water nymph (Shoals:3)
  3 hellwings
  3 trolls
  2 polar bears
  30 jumping spiders
  2 red devils
  4 wind drakes
  10 merfolk
  5 hornets
  3 blink frogs (Lair:5)
  3 hippogriffs
  9 slime creatures
  7 dream sheep
  6 snapping turtles
  35 redbacks
  22 tarantellas
  A wraith (Vaults:1)
  4 water elementals
  3 wyverns
  32 yaks
  3 shadows
  8 humans
  5 fire bats (Lair:6)
  3 steam dragons
  An elf zombie (Depths:3)
  2 hungry ghosts
  2 basilisks
  6 vampire mosquitoes
  3 wargs (Orc:2)
  A soldier ant (Spider:1)
  Duvessa (D:7)
  A hell hound (Depths:5)
  2 porcupines
  2 spectral snapping turtles (Shoals:3)
  6 water moccasins
  8 orc warriors
  2 phantoms
  A swamp drake (Lair:6)
  4 ice beasts
  6 wolves (Lair:5)
  3 boggarts
  6 centaurs
  A wind drake simulacrum (Shoals:3)
  19 ogres
  A human skeleton (Vaults:1)
  A human zombie (Vaults:1)
  9 crocodiles
  12 bullfrogs
  2 scorpions (Lair:4)
  2 merfolk simulacra (Shoals:3)
  A manticore simulacrum (Shoals:3)
  7 killer bees
  3 wights (D:12)
  An electric eel (Lair:1)
  2 crimson imps
  6 orc priests
  2 hounds (D:12)
  2 jellies
  An iguana (D:8)
  5 worker ants
  4 orc wizards
  A killer bee zombie (D:7)
  A hound skeleton (D:9)
  An adder (D:11)
  5 shadow imps
  A white imp (D:11)
  An adder skeleton (D:9)
  A leopard gecko (D:10)
  29 orcs
  A giant cockroach (Lair:4)
  2 goblins (D:8)
  2 jackals (D:7)
  A quokka (D:8)
  4 kobolds (D:12)
  8 fungi
  44 plants
  2 tentacles (Shoals:3)
1024 creatures vanquished.

Vanquished Creatures (others)
  3 orc warlords
  An ettin (Depths:2)
  A yaktaur captain (Vaults:2)
  2 orc sorcerers
  A deep troll earth mage (Depths:1)
  9 orc knights
  An unseen horror (D:12)
  26 orc warriors
  A human (D:14)
  A warg (Vaults:5)
  7 orc priests
  15 orc wizards
  An iguana (Lair:6)
  80 orcs
  2 jackals (D:3)
  3 fungi
  51 plants
  6 tentacles (Shoals:3)
211 creatures vanquished.

Grand Total: 1949 creatures vanquished

Notes
Turn   | Place    | Note
-------+----------+-------------------------------------------
     0 | D:1      | Faustar the Hill Orc Monk began the quest for the Orb.
     0 | D:1      | Reached XP level 1. HP: 19/19 MP: 1/1
   418 | D:2      | Noticed Jessica
   442 | D:2      | Reached XP level 2. HP: 18/26 MP: 2/2
   580 | D:2      | Reached skill level 5 in Axes
   889 | D:2      | Killed Jessica
   889 | D:2      | Reached XP level 3. HP: 30/31 MP: 3/3
  1360 | D:2      | Reached XP level 4. HP: 39/39 MP: 4/4
  1383 | D:2      | Noticed Natasha
  1396 | D:2      | Killed Natasha
  2024 | D:2      | Found a shimmering altar of Xom.
  2024 | D:2      | Noticed Natasha
  2041 | D:2      | Killed Natasha
  2041 | D:2      | Reached XP level 5. HP: 35/45 MP: 5/5
  2341 | D:3      | Found a radiant altar of Vehumet.
  2408 | D:3      | Became a worshipper of Beogh the Brigand
  2408 | D:3      | Reached * piety under Beogh
  2408 | D:3      | Reached ** piety under Beogh
  3535 | D:3      | Found a runed door.
  3586 | D:4      | Noticed a centaur
  3740 | D:3      | Reached XP level 6. HP: 38/51 MP: 6/6
  3960 | D:4      | Noticed a sky beast
  4113 | D:4      | Noticed Ijyb
  4125 | D:4      | Paralysed by Ijyb for 3 turns
  4132 | D:4      | Paralysed by Ijyb for 3 turns
  4145 | D:4      | Killed Ijyb
  4443 | D:4      | Reached skill level 4 in Fighting
  4443 | D:4      | Reached skill level 1 in Armour
  4443 | D:4      | Reached skill level 1 in Invocations
  4697 | D:4      | Found a transporter.
  5051 | D:4      | Reached XP level 7. HP: 40/60 MP: 8/8
  5232 | D:4      | Reached skill level 5 in Fighting
  5376 | D:4      | Noticed zluc's ghost (amateur OgFE)
  5382 | D:4      | Found a transporter.
  5442 | D:4      | Found a white marble altar of Elyvilon.
  6652 | D:5      | Entered Level 5 of the Dungeon
  6831 | D:5      | Reached skill level 6 in Fighting
  6885 | D:4      | Reached XP level 8. HP: 67/70 MP: 10/10
  7556 | D:5      | Found a sparkling altar of Nemelex Xobeh.
  7707 | D:6      | Found a blossoming altar of Fedhas.
  7730 | D:6      | Reached skill level 7 in Fighting
  8105 | D:6      | Found a shadowy altar of Dithmenos.
  8141 | D:6      | Reached skill level 1 in Shields
  8362 | D:6      | Reached skill level 10 in Axes
  8428 | D:6      | Reached skill level 5 in Invocations
  8638 | D:6      | Reached *** piety under Beogh
  8698 | D:6      | Reached XP level 9. HP: 75/81 MP: 12/12
  8934 | D:6      | Reached skill level 8 in Fighting
  9098 | D:7      | Noticed Duvessa
  9098 | D:7      | Noticed Dowan
  9400 | D:7      | Noticed Joseph
  9420 | D:7      | Killed Joseph
  9702 | D:7      | Found a stormy altar of Qazlal.
  9772 | D:7      | Found a staircase to the Ecumenical Temple.
  9795 | Temple   | Entered the Ecumenical Temple
 10084 | D:7      | Killed Dowan
 10100 | D:7      | Killed Duvessa
 10264 | D:7      | Reached skill level 5 in Armour
 10510 | D:7      | Found a sparkling altar of Nemelex Xobeh.
 10768 | D:7      | Found a deep blue altar of Sif Muna.
 10948 | D:8      | Reached skill level 9 in Fighting
 11044 | D:8      | Reached skill level 5 in Shields
 11522 | D:8      | Reached **** piety under Beogh
 11598 | D:8      | Reached XP level 10. HP: 80/91 MP: 14/14
 11619 | D:8      | Noticed Prince Ribbit
 11625 | D:8      | Killed Prince Ribbit
 12047 | D:8      | Gained Zartorak as an ally
 12101 | D:8      | Found an iron altar of Okawaru.
 12346 | D:9      | Reached skill level 10 in Fighting
 12692 | D:9      | Your ally Zartorak died
 13560 | D:10     | Entered Level 10 of the Dungeon
 13721 | D:10     | Reached skill level 11 in Fighting
 13774 | D:10     | Found a staircase to the Lair.
 13784 | D:10     | Reached ***** piety under Beogh
 13890 | D:10     | Noticed an elephant
 13896 | D:10     | Killed an elephant
 13963 | Lair:1   | Entered Level 1 of the Lair of Beasts
 14004 | Lair:1   | Noticed a spiny frog
 14011 | Lair:1   | Killed a spiny frog
 14011 | Lair:1   | Reached XP level 11. HP: 87/102 MP: 15/17
 14025 | Lair:1   | Gained Olfrun as an ally
 14791 | Lair:1   | Reached skill level 12 in Fighting
 14811 | Lair:1   | Gained Borgoth as an ally
 14838 | Lair:1   | Noticed an oklob plant
 15642 | D:10     | Killed an unseen horror
 17287 | Lair:3   | Identified a scroll of acquirement
 17346 | Lair:3   | Noticed Gastronok
 17360 | Lair:3   | Killed Gastronok
 17360 | Lair:3   | Reached skill level 10 in Invocations
 17724 | Lair:3   | Noticed a seven-headed hydra
 17742 | Lair:3   | Killed an eight-headed hydra
 17742 | Lair:3   | Reached XP level 12. HP: 56/113 MP: 19/19
 18502 | Lair:4   | Found a hole to the Spider Nest.
 18513 | Lair:4   | Reached skill level 13 in Fighting
 19057 | Lair:4   | Gained Nordag as an ally
 19085 | Lair:4   | Found a staircase to the Shoals.
 20641 | Lair:6   | Entered Level 6 of the Lair of Beasts
 21022 | Lair:6   | Noticed a six-headed hydra
 21027 | Lair:6   | Killed an eight-headed hydra
 21094 | Lair:6   | Found a dark tunnel.
 21106 | Volcano  | Entered a volcano
 21114 | Volcano  | Noticed a hell hog
 21406 | Lair:6   | Noticed Nessos
 21414 | Lair:6   | Killed Nessos
 21414 | Lair:6   | Reached skill level 10 in Armour
 21721 | Lair:6   | Found a runed door.
 21815 | Lair:6   | Paralysed by a hornet for 2 turns
 21819 | Lair:6   | Paralysed by a hornet for 3 turns
 21820 | Lair:6   | Your ally Borgoth died
 22538 | Lair:6   | Reached XP level 13. HP: 122/123 MP: 22/22
 22680 | Lair:6   | Reached skill level 14 in Fighting
 22826 | Lair:6   | Noticed a fire dragon
 22833 | Lair:6   | Killed a fire dragon
 23619 | D:11     | Reached ****** piety under Beogh
 23626 | D:11     | Found Haturur's Weapon Shoppe.
 23957 | D:12     | Found a staircase to the Orcish Mines.
 23963 | D:12     | Found Muisey's Weapon Emporium.
 24245 | D:11     | Bought a +1 vampiric spear for 240 gold pieces
 24285 | D:12     | Bought the +10 hand axe "Exuy" {flame, Str+7 Dex+2} for 813 gold pieces
 24350 | D:12     | Found Ojosheci's Jewellery Emporium.
 24422 | D:12     | Reached skill level 15 in Axes
 24623 | Orc:1    | Entered Level 1 of the Orcish Mines
 24921 | Orc:1    | Found a roughly hewn altar of Beogh.
 25255 | Orc:1    | Noticed an orc warlord
 25261 | Orc:1    | Noticed an orc warlord
 25270 | Orc:1    | Gained mutation: You occasionally shout uncontrollably at your foes. [a neqoxec]
 25294 | Orc:1    | Killed an orc warlord
 25312 | Orc:1    | Killed an orc warlord
 25903 | Orc:2    | Entered Level 2 of the Orcish Mines
 25937 | Orc:2    | Found a roughly hewn altar of Beogh.
 26066 | Orc:2    | Gained Brandogh as an ally
 26068 | Orc:2    | Your ally Brandogh died
 26578 | Orc:2    | Found a roughly hewn altar of Beogh.
 26610 | Orc:2    | Found Liwifoos's Jewellery Shop.
 26610 | Orc:2    | Found Zuozomim's Distillery.
 26618 | Orc:2    | Found Etaff's Antique Weapon Shoppe.
 26625 | Orc:2    | Gained Morguth as an ally
 26943 | Orc:2    | Bought a potion of might for 48 gold pieces
 27043 | Orc:2    | Reached skill level 15 in Fighting
 27043 | Orc:2    | Reached XP level 14. HP: 135/135 MP: 24/24
 27135 | Orc:2    | Found a staircase to the Elven Halls.
 27317 | Orc:2    | Found Azea's Antique Armour Shoppe.
 27317 | Orc:2    | Found Ymonuab's Antique Weapon Shop.
 27917 | D:12     | Gained Beowulf as an ally
 28171 | D:13     | Gained Alork as an ally
 28173 | D:13     | Reached skill level 16 in Fighting
 28381 | D:13     | Gained Boghold as an ally
 28540 | D:13     | Gained Morbeogh as an ally
 29607 | D:14     | Gained Bogric as an ally
 29714 | D:14     | Found a gate to the Vaults.
 29910 | D:15     | Entered Level 15 of the Dungeon
 30037 | D:15     | Reached skill level 17 in Fighting
 30080 | D:15     | Reached skill level 15 in Invocations
 30348 | D:15     | Gained Boldo as an ally
 30452 | D:15     | Found Zirph's Book Boutique.
 30646 | D:15     | Reached XP level 15. HP: 145/147 MP: 26/26
 30682 | D:15     | Found a staircase to the Depths.
 31035 | Shoals:1 | Entered Level 1 of the Shoals
 32913 | Shoals:2 | Gained Olfik as an ally
 33193 | Shoals:2 | Found Uvoxto's Island Escapes.
 33785 | Shoals:3 | Reached skill level 18 in Fighting
 33840 | Shoals:3 | Found Nepietue's Gadget Boutique.
 33972 | Shoals:3 | Noticed a kraken
 33973 | Shoals:3 | Your ally Bogric died
 33981 | Shoals:3 | Killed a kraken
 34659 | Shoals:3 | Found a runed gate.
 34663 | Shoals:3 | Found a runed gate.
 34664 | Shoals:3 | Found a runed gate.
 34666 | Shoals:3 | Noticed Fandomethor's ghost (adept GrFi)
 34690 | Shoals:3 | Your ally Boghold died
 34702 | Shoals:3 | Killed Fandomethor's ghost
 35156 | Shoals:4 | Entered Level 4 of the Shoals
 36493 | Shoals:4 | Reached XP level 16. HP: 80/159 MP: 28/28
 36499 | Shoals:4 | Reached skill level 19 in Fighting
 36499 | Shoals:4 | Reached skill level 10 in Shields
 36505 | Shoals:4 | Got a barnacled rune of Zot
 37280 | Shoals:4 | Noticed Jorgrun
 37287 | Shoals:4 | Killed Jorgrun
 37306 | Shoals:4 | Gained Boruk as an ally
 37309 | Shoals:4 | Gained Syrus as an ally
 37647 | Shoals:4 | Identified the Catalogue of Vitriolic Aid
 37848 | Shoals:4 | Found the +4 dagger "Morg" {pain, MR+ Int+5}
 37981 | Shoals:4 | Gained Herok as an ally
 38327 | Spider:1 | Entered Level 1 of the Spider Nest
 40383 | Spider:2 | Reached skill level 20 in Fighting
 40471 | Spider:2 | Gained Boruk as an ally
 41498 | Spider:3 | Reached XP level 17. HP: 164/171 MP: 29/29
 41731 | Spider:3 | Gained Nordag as an ally
 41812 | Spider:4 | Entered Level 4 of the Spider Nest
 41824 | Spider:4 | Your ally Boghold died
 41827 | Spider:4 | Gained Warbeogh as an ally
 41831 | Spider:4 | Your ally Boruk died
 42493 | Spider:4 | Your ally Boldo died
 43285 | Spider:4 | Reached skill level 21 in Fighting
 44944 | Spider:4 | Got a gossamer rune of Zot
 45315 | Vaults:1 | Entered Level 1 of the Vaults
 45767 | Vaults:1 | Noticed an Ice Fiend
 46070 | Vaults:1 | Found Moaheroz's General Store.
 46174 | Vaults:1 | Killed a sphinx
 46180 | Vaults:1 | Your ally Boruk died
 46331 | Vaults:1 | Noticed a lich
 46358 | Vaults:1 | Killed a lich
 46974 | Vaults:2 | Found a staircase to the Crypt.
 46977 | Vaults:2 | Reached XP level 18. HP: 181/184 MP: 31/31
 46991 | Vaults:2 | Reached skill level 22 in Fighting
 47703 | Vaults:2 | Found a portal to a secret trove of treasure.
 48216 | Vaults:2 | Got a polished helmet
 48218 | Vaults:2 | Identified the +0 helmet "Zutiatei" {+Fly rN+} (You acquired it on level 2 of the Vaults)
 48233 | Vaults:2 | Noticed Frederick
 48235 | Vaults:2 | Killed Frederick
 48463 | Vaults:2 | Noticed Aizul
 48473 | Vaults:2 | Killed Aizul
 49972 | Vaults:3 | Found Puloweu's Jewellery Shop.
 50343 | Vaults:3 | Identified the ring "Quj Wuittol" {Wiz rN++ Dex+4} (You found it on level 3 of the Vaults)
 50610 | Vaults:3 | Reached skill level 23 in Fighting
 50668 | Vaults:3 | Noticed a lich
 50672 | Vaults:3 | Killed a lich
 50713 | Vaults:3 | Gained Wargath as an ally
 51073 | Vaults:3 | Reached XP level 19. HP: 195/195 MP: 32/32
 51112 | Vaults:3 | Your ally Nordag died
 51509 | Vaults:4 | Found Dyfoho's Armour Emporium.
 51510 | Vaults:4 | Killed Donald
 52201 | Vaults:4 | Found Fuiplutu's Armour Shop.
 52232 | Vaults:4 | Found Reaken's Magic Scroll Shoppe.
 52554 | Vaults:4 | Bought the +1 shield "Xocuseog" {rElec rF++ rC+++ Stlth-} for 1268 gold pieces
 53107 | Vaults:4 | Got a shimmering helmet
 53108 | Vaults:4 | Identified the +1 helmet of the Heavens {rElec Dex-3 Slay+6} (You acquired it on level 4 of the Vaults)
 53278 | Vaults:4 | Found Itwoidi's Magic Scroll Shoppe.
 53582 | Vaults:4 | Bought the +3 pair of boots of the Pit {Str+4 SInv} for 469 gold pieces
 53687 | Vaults:4 | Found a runed door.
 53891 | Vaults:4 | Noticed Sydeak's ghost (veteran CeHu)
 54109 | Depths:1 | Entered Level 1 of the Depths
 54550 | Depths:1 | Found a gateway to Hell.
 54611 | Depths:1 | Reached skill level 15 in Shields
 54703 | Depths:1 | Found Atuzuz's Weapon Boutique.
 54738 | Depths:1 | Found Ymnaerob's Weapon Emporium.
 54792 | Depths:1 | Found a shattered altar of Ashenzari.
 54961 | Depths:1 | Reached skill level 24 in Fighting
 55017 | Depths:1 | Found a shimmering altar of Xom.
 55077 | Depths:1 | Found Woomneuk's Armour Shop.
 55561 | Depths:2 | Found a one-way gate to the infinite horrors of the Abyss.
 55590 | Depths:2 | Noticed a caustic shrike
 55590 | Depths:2 | Noticed a caustic shrike
 55590 | Depths:2 | Noticed a caustic shrike
 55590 | Depths:2 | Noticed a caustic shrike
 55607 | Depths:2 | Reached XP level 20. HP: 206/206 MP: 34/34
 55884 | Depths:2 | Paralysed by a vampire knight for 4 turns
 55899 | Depths:2 | Your ally Olfrun died
 56430 | Depths:2 | Your ally Morguth died
 57019 | Depths:2 | Your ally Syrus died
 57261 | Depths:2 | Found a one-way gate leading to the halls of Pandemonium.
 57385 | Depths:2 | Killed a caustic shrike
 57390 | Depths:2 | Killed a caustic shrike
 57391 | Depths:2 | Killed a caustic shrike
 57448 | Depths:2 | Killed a caustic shrike
 57773 | Depths:3 | Gained Spirok as an ally
 58274 | Depths:3 | Noticed Boris
 58282 | Depths:3 | Killed Boris
 58348 | Depths:3 | Reached skill level 25 in Fighting
 58355 | Depths:3 | Found Cepeis's Distillery.
 58355 | Depths:3 | Found Deong's Book Shoppe.
 58373 | Depths:3 | Reached XP level 21. HP: 140/217 MP: 32/35
 58376 | Depths:3 | Found Huasox's Antique Weapon Shoppe.
 58379 | Depths:3 | Found Jukk's Antique Armour Emporium.
 58402 | Depths:3 | Gained Urtork as an ally
 58410 | Depths:3 | Gained Morguth as an ally
 59148 | Depths:3 | Noticed a juggernaut
 59155 | Depths:3 | Killed a juggernaut
 59168 | Depths:3 | Noticed a golden dragon
 59168 | Depths:3 | an iron troll changed into a golden dragon
 59170 | Depths:3 | a golden dragon changed into an acid blob
 60039 | Depths:4 | Found a stormy altar of Qazlal.
 60399 | Depths:4 | Found a gateway to a ziggurat.
 60743 | Depths:4 | Identified the Collected Works on Mutagenic Clay
 61038 | Depths:5 | Entered Level 5 of the Depths
 61142 | Depths:5 | Found a runed gate.
 61143 | Depths:5 | Found a runed gate.
 61144 | Depths:5 | Found a runed gate.
 61163 | Depths:5 | Noticed a juggernaut
 61170 | Depths:5 | Killed a juggernaut
 61170 | Depths:5 | Reached skill level 15 in Armour
 61188 | Depths:5 | Reached skill level 26 in Fighting
 61510 | Depths:5 | Found a gate to the Realm of Zot.
 61510 | Depths:5 | Noticed a golden dragon
 61521 | Depths:5 | Killed a golden dragon
 61998 | Depths:5 | Reached XP level 22. HP: 224/229 MP: 37/37
 62524 | Vaults:1 | Bought 3 scrolls of enchant armour for 270 gold pieces
 62657 | Vaults:4 | Bought a scroll of acquirement for 676 gold pieces
 62730 | Vaults:5 | Entered Level 5 of the Vaults
 62733 | Vaults:5 | Noticed Xtahua
 62746 | Vaults:5 | Noticed a golden dragon
 63401 | Vaults:4 | Killed a golden dragon
 63403 | Vaults:4 | Killed Xtahua
 63577 | Vaults:5 | Gained mutation: Your body sometimes deteriorates upon taking damage. [a neqoxec]
 65184 | Vaults:5 | Noticed a golden dragon
 65193 | Vaults:5 | HP: 9/232 [storm dragon (8)]
 65193 | Vaults:5 | HP: 1/232 [deep troll[an ironheart preserver] (6)]
 65193 | Vaults:5 | Slain by a storm dragon

Vault maps used:
D:1:      dpeg_arrival_simpleton_a
D:2:      lemuel_statue_altar, uniq_jessica, uniq_natasha
D:3:      vehumet_crystals, kennysheep_generic_room_12, uniq_crazy_yiuf_cottage
D:4:      elyvilon_altar_1, gammafunk_ghost_smash, uniq_ijyb
D:5:      first_ration, nemelex_lonely_heart_becter
D:6:      kennysheep_mini_moat, basic_altar
D:7:      marbit_many_paths, old_standard_altar, minmay_temple_entry_water_ring,
          basic_altar, grunt_ogre_cave, uniq_joseph, uniq_duvessa
D:8:      kennysheep_okawaru_gauntlet, serial_corexii_hall,
          corexii_hall_statues_t, corexii_hall_statues_deadend,
          uniq_prince_ribbit1
D:10:     david_lair_generic
D:11:     serial_ice, serial_ice_f, serial_ice_l, serial_ice_m, serial_ice_n,
          serial_ice_h, serial_ice_a, serial_shops, nicolae_shop_behind_doors
D:12:     cheibrodos_wizards_tower, orc_0_dummy, serial_shops, shop, shop
D:14:     grunt_vaults_entry_tiered, glass_columns_c
D:15:     hangedman_depths_entry_try_elsewhere_first, serial_shops,
          shop_fountains
Temple:   regret_index_temple_sphere_string
Lair:1:   portal_ice_cave_entry_pillars_1, serial_bayou_lake_a,
          minmay_lair_oklob_chamber, grunt_megastairs_4
Lair:3:   uniq_gastronok
Lair:4:   minmay_shoals_entry_hut, nicolae_spider_entry_non_spiders,
          cheibrodos_lair_caveside_slide, serial_bayou_pond_a
Lair:5:   st_stairs_3, minivault_19, grunt_megastairs_5, serial_bayou_shore_a,
          infiniplex_staircase_pool
Lair:6:   wormcave, guppyfry_lair_end_dragon, dpeg_slime_entry_corner,
          nicolae_volcano_entry_batcave, minivault_26, lemuel_fruit_fields,
          uniq_snorg, uniq_nessos
Shoals:2: nicolae_shoals_square_sea_wall, nicolae_island_escapes
Shoals:3: serial_shops, shop, gammafunk_ghost_necromancy,
          nicolae_shoals_kraken_intersection
Shoals:4: shoals_end_simple, uniq_jorgrun
Spider:1: nicolae_spider_ant_collections
Spider:4: grunt_spider_rune_circles
Orc:1:    basic_altar
Orc:2:    st_orc_town, basic_altar, serial_shops, shop, guppyfry_orc_lava_fort
Vaults:1: vaults_mumra_chevron, hangedman_vaults_nails,
          nicolae_vaults_big_angled_halls, v_misc_24, ontoclasm_vaults_ligature,
          nicolae_vaults_alarming, v_misc_31, v_misc_1, v_rooms_3,
          nicolae_vaults_little_squares_5, nicolae_vaults_three_branches,
          vaults_room_octagon, vaults_dpeg_diagonal, nicolae_vaults_rhombus_6,
          serial_shops, nicolae_shop_behind_doors
Vaults:2: nicolae_vaults_little_ls, minmay_crypt_entry_simple_statues,
          v_misc_12, ontoclasm_vaults_chip, nicolae_vaults_ring_of_whatevers,
          enter_trove_1, uniq_aizul, uniq_frederick
Vaults:3: vaults_room_pool, ontoclasm_vaults_ring_small, hangedman_vaults_hat,
          nicolae_vaults_network_star, v_misc_19, hangedman_vaults_cutoff,
          v_rooms_6, vaults_room_ringed_pool, nicolae_vaults_angled_halls,
          hangedman_vaults_river_flow, v_alt_pattern_4, hangedman_vaults_nails,
          v_misc_13, vaults_room_hangedman_quadrants, vaults_room_door_ring,
          serial_shops, nicolae_shop_crystal
Vaults:4: ebering_vaults_ghost_inner_flame, v_misc_12, v_misc_11,
          ontoclasm_vaults_gallery, hangedman_vaults_stitches,
          vaults_room_boxed, v_misc_4, nicolae_vaults_big_ls,
          nicolae_vaults_diagonal_hallway_8, serial_shops, bzr_entry_road,
          nicolae_shop_behind_doors, shop, shop, nicolae_shop_trees, uniq_donald
Vaults:5: uniq_saint_roka, uniq_xtahua
Depths:1: hell_entry, serial_shops, nicolae_shop_behind_doors, shop,
          nicolae_shop_statue_plus, old_standard_altar, xom_teletrap_fun,
          grunt_megastairs_1, serial_bayou_shore_b
Depths:2: evilmike_hourglass, abyss_entry_small_statue_room,
          rand_demon_pan_entry_5, pf_vacation_house_of_asmodeus
Depths:3: evilmike_pillar_path, minmay_misc_feat_diagonals,
          pf_hell_entry_tar_river, rand_demon_pan_entry_7, serial_bayou_shore_b,
          serial_bayou_shore_b, infiniplex_staircase_squiggle, minmay_shoptagon,
          uniq_boris
Depths:4: regret_index_qazlal_generations, enter_ziggurat_f, mu_enter_wizlab_2,
          pan_entry, grunt_hell_entry_dis_old, hangedman_decor_peaks_small,
          abyss_entry
Depths:5: grunt_zot_entry_tricorne, ploomutoo_gammafunk_ghost_potion_laboratory,
          hellmouth_1, hangedman_glass_teeth
Volcano:  volcano_caves

Skill      XL: |  1  2  3  4  5  6  7  8  9 10 11 12 13 14 15 16 17 18 19 20 21 |
---------------+----------------------------------------------------------------+-----
Axes           | 6 7 8 9 10 11 13 14 15 | 15.5
Fighting       | 4 6 7 9 11 12 13 15 17 18 20 21 23 24 25 26 | 26.9
Armour         | 1 2 4 5 7 8 10 11 12 14 15 | 15.9
Invocations    | 2 3 5 6 8 10 12 13 15 16 17 18 19 20 21 22 | 22.8
Shields        | 2 5 7 9 11 12 14 15 16 | 16.0
Dodging        | |  2.4
Stealth        | |  1.5

Action                   |  1- 3 |  4- 6 |  7- 9 | 10-12 | 13-15 | 16-18 | 19-21 | 22-24 || total
-------------------------+-------+-------+-------+-------+-------+-------+-------+-------++-------
Melee: Hand axe          |    79 |   286 |   326 |       |   733 |   842 |   730 |    54 ||  3050
       War axe           |       |       |   162 |   497 |   164 |       |       |       ||   823
Invok: Convert to Beogh  |       |     1 |       |       |       |       |       |       ||     1
       Recall Orcish Fol |       |       |       |    29 |    47 |    59 |    59 |    21 ||   215
       Smiting           |       |       |       |     3 |     3 |    32 |    34 |    19 ||    91
       Give Item to Name |       |       |       |     2 |     7 |     3 |     3 |     1 ||    16
       Stop Recall       |       |       |       |       |     2 |       |       |       ||     2
       Resurrection      |       |       |       |       |     1 |       |     1 |       ||     2
Evoke: Wand              |       |       |     8 |    11 |     2 |    13 |     2 |       ||    36
  Use: Potion            |       |       |     1 |       |       |       |     2 |     9 ||    12
       Scroll            |       |       |       |    21 |    16 |     9 |    14 |     6 ||    66
 Stab: Paralysed         |       |       |    14 |     5 |     1 |     2 |       |       ||    22
       Distracted        |       |       |     2 |     9 |     7 |    13 |    15 |     2 ||    48
       Held in net/web   |       |       |       |       |       |     1 |       |       ||     1
  Eat: Chunk             |     1 |    11 |    14 |    45 |    43 |    30 |    34 |     3 ||   181
       Ration            |       |       |     3 |     1 |       |     2 |       |     2 ||     8
Armor: Robe              |     5 |       |       |       |       |       |       |       ||     5
       Chain mail        |    41 |   128 |   191 |       |       |       |       |       ||   360
       Plate armour      |       |       |    30 |   289 |   342 |   433 |   257 |       ||  1351
       Gold dragon scale |       |       |       |       |       |       |     4 |   178 ||   182
Dodge: Dodged            |    34 |    81 |   131 |   147 |   239 |   208 |   162 |    83 ||  1085
Block: Buckler           |       |       |       |   127 |   190 |   122 |       |       ||   439
       Shield            |       |       |       |       |       |   306 |   406 |   194 ||   906

Table legend:
 A = Spawn XP
 B = Non-spawn XP
 C = Spawn XP percentage of total XP
 D = Spawn monster count
 E = Non-spawn monster count
 F = Spawn count percentage of total count
 G = Total turns spent on level
                    A         B        C        D         E        F      G
               +---------+---------+-------+---------+---------+-------+---------
         Total |       0 |  657130 |   0.0 |       0 |    1684 |   0.0 | 65193
               +---------+---------+-------+---------+---------+-------+---------
           D:1 |       0 |      38 |   0.0 |       0 |      12 |   0.0 |   989
           D:2 |       0 |     178 |   0.0 |       0 |      27 |   0.0 |  1983
           D:3 |       0 |     159 |   0.0 |       0 |      20 |   0.0 |  2109
           D:4 |       0 |     699 |   0.0 |       0 |      15 |   0.0 |  1752
           D:5 |       0 |     461 |   0.0 |       0 |      17 |   0.0 |  1246
           D:6 |       0 |     991 |   0.0 |       0 |      26 |   0.0 |  1723
           D:7 |       0 |    1383 |   0.0 |       0 |      24 |   0.0 |  1521
           D:8 |       0 |    1438 |   0.0 |       0 |      24 |   0.0 |  1030
           D:9 |       0 |    2024 |   0.0 |       0 |      39 |   0.0 |  1357
          D:10 |       0 |    2717 |   0.0 |       0 |      24 |   0.0 |  1072
          D:11 |       0 |    5562 |   0.0 |       0 |      34 |   0.0 |  1659
          D:12 |       0 |   10188 |   0.0 |       0 |      44 |   0.0 |  1133
          D:13 |       0 |   10133 |   0.0 |       0 |      54 |   0.0 |  1149
          D:14 |       0 |    8792 |   0.0 |       0 |      32 |   0.0 |   991
          D:15 |       0 |    8143 |   0.0 |       0 |      28 |   0.0 |  1387
        Lair:1 |       0 |    3286 |   0.0 |       0 |      25 |   0.0 |  1650
        Lair:2 |       0 |    1642 |   0.0 |       0 |      13 |   0.0 |  1281
        Lair:3 |       0 |    4687 |   0.0 |       0 |      15 |   0.0 |  1682
        Lair:4 |       0 |    3828 |   0.0 |       0 |      24 |   0.0 |  1162
        Lair:5 |       0 |    2751 |   0.0 |       0 |      24 |   0.0 |  1733
        Lair:6 |       0 |    9274 |   0.0 |       0 |      43 |   0.0 |  1528
      Shoals:1 |       0 |    7116 |   0.0 |       0 |      23 |   0.0 |   860
      Shoals:2 |       0 |    8040 |   0.0 |       0 |      23 |   0.0 |  1153
      Shoals:3 |       0 |   13614 |   0.0 |       0 |      39 |   0.0 |  2059
      Shoals:4 |       0 |   26144 |   0.0 |       0 |      63 |   0.0 |  2206
      Spider:1 |       0 |   15866 |   0.0 |       0 |      64 |   0.0 |  1902
      Spider:2 |       0 |   11099 |   0.0 |       0 |      40 |   0.0 |   625
      Spider:3 |       0 |   14970 |   0.0 |       0 |      36 |   0.0 |  3253
      Spider:4 |       0 |   30541 |   0.0 |       0 |     100 |   0.0 |   985
         Orc:1 |       0 |    3461 |   0.0 |       0 |      22 |   0.0 |  1150
         Orc:2 |       0 |    7695 |   0.0 |       0 |      42 |   0.0 |  1276
      Vaults:1 |       0 |   25206 |   0.0 |       0 |      53 |   0.0 |  1837
      Vaults:2 |       0 |   35150 |   0.0 |       0 |      62 |   0.0 |  3043
      Vaults:3 |       0 |   41977 |   0.0 |       0 |      75 |   0.0 |  2306
      Vaults:4 |       0 |   97546 |   0.0 |       0 |     164 |   0.0 |  3827
      Vaults:5 |       0 |   11928 |   0.0 |       0 |      10 |   0.0 |   182
      Depths:1 |       0 |   25732 |   0.0 |       0 |      46 |   0.0 |  1614
      Depths:2 |       0 |   53972 |   0.0 |       0 |      63 |   0.0 |  1804
      Depths:3 |       0 |   71236 |   0.0 |       0 |      99 |   0.0 |  1930
      Depths:4 |       0 |   41300 |   0.0 |       0 |      52 |   0.0 |  1844
      Depths:5 |       0 |   36163 |   0.0 |       0 |      44 |   0.0 |   939
               +---------+---------+-------+---------+---------+-------+---------
